 Dungeon Crawl Stone Soup version 0.24-a0-132-ge4b1dce (console) character file.

Game seed: 7755276369370325115

778 Duffy the Chopper (level 7, 63/63 HPs)
             Began as a Naga Gladiator on Feb 27, 2019.
             Quit the game on level 8 of the Dungeon.
             The game lasted 00:04:12 (5684 turns).

Duffy the Chopper (Naga Gladiator)                  Turns: 5684, Time: 00:04:13

Health: 63/63      AC: 10    Str: 17    XL:     7   Next: 85%
Magic:  7/7        EV:  6    Int: 10    God:
Gold:   157        SH:  0    Dex: 12    Spells: 6/6 levels left

rFire    + + .     SeeInvis +   C - +7 quarterstaff {elec, rPois rF+}
rCold    . . .     Gourm    .   (shield currently unavailable)
rNeg     . . .     Faith    .   B - +1 chain mail {rF+}
rPois    +         Spirit   .   c - +0 helmet
rElec    .         Reflect  .   q - +0 cloak
rCorr    .         Harm     .   j - +0 pair of gloves
MR       .....                  (no barding)
Stlth    ..........             (no amulet)
HPRegen  0.20/turn              (no ring)
MPRegen  0.10/turn              (no ring)

@: very slow
A: large, see invisible, deformed body, poison resistance, slowness 2, slow
metabolism 1, spit poison 1, AC +2
a: Spit Poison


You were on level 8 of the Dungeon.
You were full.

You visited 2 branches of the dungeon, and saw 7 of its levels.

You collected 157 gold pieces.

Inventory:

Hand Weapons
 a - a +0 war axe
 t - a +0 blowgun
 C - the +7 quarterstaff of Foolhardiness (weapon) {elec, rPois rF+}
   (You found it on level 4 of the Dungeon)

   Occasionally, upon striking a foe, it will discharge some electrical energy
   and cause terrible harm.
   It protects you from fire.
   It protects you from poison.
Missiles
 d - 3 throwing nets (quivered)
Armour
 b - a +0 leather armour
 c - a +0 helmet (worn)
 j - a +0 pair of gloves (worn)
 q - a +0 cloak (worn)
 B - a +1 chain mail of fire resistance (worn)
Scrolls
 e - 7 scrolls of teleportation
 k - 2 scrolls of amnesia {unknown}
 m - 2 scrolls of fog
 n - a scroll of fear {unknown}
 r - a scroll of magic mapping {unknown}
 s - a scroll of identify {unknown}
 u - 2 scrolls of enchant weapon {unknown}
 w - 2 scrolls of noise {unknown}
 x - a scroll of enchant armour {unknown}
 y - 2 scrolls of remove curse {unknown}
Potions
 g - 6 potions of heal wounds {unknown}
 h - 9 potions of curing {unknown}
 i - a potion of might {unknown}
 l - a potion of magic {unknown}
 o - 3 potions of mutation {unknown}
 p - a potion of agility {unknown}
 v - a potion of brilliance {unknown}
 z - a potion of cancellation {unknown}
Comestibles
 f - 6 rations


   Skills:
 + Level 3.9 Fighting
 - Level 7.6 Axes
 - Level 1.7 Throwing
 + Level 3.7 Dodging


You had 6 spell levels left.
You didn't know any spells.
Your spell library was empty.

Dungeon Overview and Level Annotations

Branches:
Dungeon (5/15)             Temple (1/1) D:4

Altars:
Cheibriados
Dithmenos
Elyvilon
Fedhas
Gozag
Kikubaaqudgha
Makhleb
Nemelex Xobeh
Okawaru
Qazlal
Ru
Sif Muna
Trog
Uskayaw
Vehumet
Xom
Yredelemnul


Innate Abilities, Weirdness & Mutations

You cannot wear boots.
Your serpentine skin is tough. (AC +2)
You have supernaturally acute eyesight. (SInv)
Armour fits poorly on your strangely shaped body.
Your system is resistant to poisons. (rPois)
You cover ground very slowly.
You have a slow metabolism.
You can spit poison.


Message History

Your chain mail prevents you from hitting the shadow imp.
The shadow imp gestures at you. You resist with significant effort.
You hit the shadow imp.
The shadow imp is moderately wounded.
The shadow imp hits you but does no damage.
You hit the shadow imp.
The shadow imp is almost dead.
The shadow imp hits you. x2
You hit the shadow imp but do no damage.
The shadow imp is almost dead.
The shadow imp barely misses you.
You sock the shadow imp!
You kill the shadow imp!
You hear the slow hiss of a distant avalanche of sand.
Found a scroll labeled GUZXES ERUI.
Found a stone staircase leading down.
You fall through a shaft for 3 floors!
The shaft crumbles and collapses.
Unknown command.
Are you sure you want to abandon this character and quit the game? (Confirm with "yes".) ########## #.@....... #.######## #. #. #. #. #. ..

There were no monsters in sight!

Vanquished Creatures
  The ghost of Voker57 the Slasher, an amateur DsGl of Lugonu (D:4)
  An ogre (D:4)
  A water moccasin skeleton (D:4)
  A howler monkey (D:4)
  A centaur skeleton (D:4)
  2 hounds
  2 orc wizards (D:4)
  A bullfrog skeleton (D:4)
  A hound skeleton (D:4)
  8 adders
  A shadow imp (D:5)
  2 oozes (D:2)
  2 dart slugs
  4 leopard geckos
  6 orcs
  2 ball pythons (D:1)
  10 bats
  8 giant cockroaches
  14 goblins
  5 hobgoblins
  23 jackals
  6 quokkas
  5 frilled lizards
  A jackal skeleton (D:4)
  9 kobolds
  A quokka skeleton (D:4)
  A quokka zombie (D:4)
  7 rats
126 creatures vanquished.

Notes
Turn   | Place    | Note
-------+----------+-------------------------------------------
     0 | D:1      | Duffy the Naga Gladiator began the quest for the Orb.
     0 | D:1      | Reached XP level 1. HP: 19/19 MP: 1/1
   190 | D:1      | Reached XP level 2. HP: 18/26 MP: 2/2
   564 | D:1      | Reached skill level 4 in Axes
   660 | D:1      | Reached XP level 3. HP: 29/32 MP: 3/3
  1071 | D:1      | You fall through a shaft!
  1170 | D:2      | Found a faded altar of an unknown god.
  1268 | D:2      | Reached XP level 4. HP: 26/39 MP: 4/4
  1495 | D:2      | Reached skill level 5 in Axes
  2165 | D:2      | Found a stormy altar of Qazlal.
  2704 | D:3      | Reached XP level 5. HP: 45/45 MP: 5/5
  2809 | D:3      | Reached skill level 6 in Axes
  3903 | D:4      | Found a runed translucent gate.
  3903 | D:4      | Found a runed translucent gate.
  3903 | D:4      | Found a runed translucent gate.
  3911 | D:4      | Noticed Voker57's ghost (amateur DsGl)
  3993 | D:4      | Reached XP level 6. HP: 35/52 MP: 6/6
  4114 | D:4      | Reached skill level 7 in Axes
  4601 | D:4      | Got a polished quarterstaff
  4602 | D:4      | Identified the +7 quarterstaff of Foolhardiness {elec,
                  | rPois rF+} (You found it on level 4 of the Dungeon)
  4633 | D:4      | Reached XP level 7. HP: 45/60 MP: 7/7
  4767 | D:4      | Found a deep blue altar of Sif Muna.
  4768 | D:4      | Found a sacrificial altar of Ru.
  4776 | D:4      | Found a snail-covered altar of Cheibriados.
  4776 | D:4      | Found a shadowy altar of Dithmenos.
  4828 | D:4      | Killed Voker57's ghost
  5073 | D:4      | Found a staircase to the Ecumenical Temple.
  5155 | Temple   | Entered the Ecumenical Temple
  5625 | D:5      | Entered Level 5 of the Dungeon
  5683 | D:5      | You fall through a shaft for 3 floors!
  5684 | D:8      | Quit the game

Levels and vault maps discovered:
D:1:      onia_arrival_mini_spirals, layout_loops_ring
D:2:      layout_basic, first_ration, chequers_ecumenical_altar_simple,
          grunt_qazlal_clouds
D:3:      kennysheep_the_goblin_king, layout_loops_ring, minmay_circle_x
D:4:      layout_basic, chequers_temple_overflow_statue_of_worship,
          minmay_temple_entry_mist, gammafunk_ghost_necromancy
D:5:      layout_loops_ring, marbit_many_paths, tso_metal_star,
          cheibrodos_ashenzari_chains, nicolae_ossuary_entry_plus
D:8:      layout_loops_ring, serial_shops,
          nicolae_shop_temple_entry_statues_fountains, basic_altar
Temple:   oiseaux_autumnal_temple

Skill      XL: |  1  2  3  4  5  6  7 |
---------------+----------------------+-----
Axes           | 4 5 6 7 |  7.6
Fighting       | 3 |  3.9
Dodging        | 3 |  3.7
Throwing       | |  1.7

Action                   |  1- 3 |  4- 6 |  7- 9 || total
-------------------------+-------+-------+-------++-------
Melee: War axe           |   107 |   216 |       ||   323
       Quarterstaff      |       |     8 |    33 ||    41
 Abil: Spit Poison       |       |     2 |       ||     2
  Use: Scroll            |       |     2 |     1 ||     3
 Stab: Sleeping          |     1 |     1 |       ||     2
       Distracted        |       |     1 |       ||     1
  Eat: Chunk             |       |     9 |     1 ||    10
       Ration            |       |       |     2 ||     2
Armor: Leather armour    |    40 |   123 |       ||   163
       Chain mail        |       |     3 |    29 ||    32
Dodge: Dodged            |    85 |   187 |     9 ||   281

Table legend:
 A = Non-vault XP
 B = Vault XP
 C = Vault XP percentage of total XP
 D = Non-vault monster count
 E = Vault monster count
 F = Vault count percentage of total count
                 A         B        C        D         E       F
            +---------+---------+-------+---------+---------+-------
      Total |     736 |     376 |  33.8 |     110 |      16 |  12.7
            +---------+---------+-------+---------+---------+-------
        D:1 |      54 |       0 |   0.0 |      30 |       0 |   0.0
        D:2 |      62 |       0 |   0.0 |      30 |       0 |   0.0
        D:3 |     139 |      33 |  19.2 |      27 |      12 |  30.8
        D:4 |     467 |     343 |  42.3 |      21 |       4 |  16.0
        D:5 |      14 |       0 |   0.0 |       2 |       0 |   0.0
            +---------+---------+-------+---------+---------+-------
